 Dungeon Crawl Stone Soup version 0.16-a0-3171-gce70061 (webtiles) character file.

92 Johnny the Bolt Thrower (level 4, -1/35 HPs)
             Began as a Human Hunter on Dec 16, 2014.
             Succumbed to a worker ant's poison
             ... on level 3 of the Dungeon.
             The game lasted 00:03:18 (2246 turns).

Johnny the Bolt Thrower (Human Hunter)              Turns: 2246, Time: 00:03:19

Health: -1/35      AC:  4    Str: 17    XL:     4   Next: 90%
Magic:  4/4        EV: 12    Int: 17    God:
Gold:   144        SH:  0    Dex: 14    Spells: 0 memorised, 3 levels left

rFire  . . .     SeeInvis .     b - +1 hand crossbow
rCold  . . .     Clarity  .     d - +0 leather armour
rNeg   . . .     SustAb   .     (no shield)
rPois  .         Gourm    .     m - +0 helmet
rElec  .         Spirit   .     (no cloak)
rCorr  .         Warding  .     (no gloves)
rMut   .         Stasis   .     (no boots)
MR     .....                    (no amulet)
Stlth  +.........               (no ring)
                                (no ring)

@: mighty, brilliant, lethally poisoned, not resistant to hostile enchantments,
very unstealthy
A: no striking features
a: no special abilities


You were on level 3 of the Dungeon.
You were not hungry.

You visited 1 branch of the dungeon, and saw 4 of its levels.

You collected 144 gold pieces.

Inventory:

Hand weapons
 a - a +0 short sword
 b - a +1 hand crossbow (weapon)
 p - a cursed -2 dagger
 v - a +1 short sword of draining
Missiles
 c - 19 bolts (quivered)
 r - 15 bolts of frost
Armour
 d - a +0 leather armour (worn)
 m - a +0 helmet (worn)
Jewellery
 y - a +6 ring of slaying {unknown}
Scrolls
 e - 7 scrolls of identify {unknown}
 i - 2 scrolls of recharging {unknown}
 l - a scroll of fog {unknown}
 o - 3 scrolls of remove curse {unknown}
 s - 2 scrolls of enchant weapon {unknown}
 t - a scroll of blinking {unknown}
 u - a scroll of immolation {unknown}
 x - a scroll of noise {unknown}
Potions
 h - a potion of might
 w - a potion of curing {unknown}
Comestibles
 f - 4 bread rations
 g - a royal jelly
 j - 4 fruits
 n - a meat ration


   Skills:
 + Level 3.1 Fighting
 * Level 4.9 Crossbows
 + Level 2.8 Dodging
 - Level 1.0 Stealth


You had 3 spell levels left.
You didn't know any spells.

Dungeon Overview and Level Annotations

Branches:
Dungeon (4/15)
 Temple: D:4-7

Altars:


Message History

Drink which item? (? for menu, Esc to quit)
Okay, then.
Drink which item? (? for menu, Esc to quit)
It was a potion of might.
You feel very mighty all of a sudden.
* * * LOW HITPOINT WARNING * * *
You feel sick. The worker ant closely misses you.
The adder bites you but does no damage.
Drink which item? (? for menu, Esc to quit)
It was a potion of restore abilities.
You feel refreshed.
* * * LOW HITPOINT WARNING * * *
You feel sick.
The worker ant bites you but does no damage.
The adder misses you.
Drink which item? (? for menu, Esc to quit)
Okay, then.
Drink which item? (? for menu, Esc to quit)
It was a potion of brilliance.
You feel clever all of a sudden.
You die...

#...#...........#..#
#######...######[####.#..#
.....##..................#
...........#####.######..#
.....##....# #.##♣.♣##.#######
..#####....# ###..>..##†.....#
#.# ####.######....)..######.#
#.#######.....##SaK###...#####.#
#.#...........#♣@♣##.##♣.♣#..#.#
#.#.#####.....##.##.####'###.#.#
....# #.##.##...........##.#.#
..#.# ##...........<..........#
....# #.............#....##.###
..#.# #######............##.#
..#.##########....##.#..#(##.#
..........................##.#
....#.########.#.............#


You could see a worker ant, an adder and a kobold.

Vanquished Creatures
  A worker ant (D:3)
  A worm (D:2)
  3 giant geckos
  An ooze (D:2)
  2 orcs (D:3)
  3 giant cockroaches
  5 goblins
  5 hobgoblins
  4 jackals (D:2)
  7 kobolds
  A quokka (D:3)
  6 bats
  6 giant newts
  4 rats
49 creatures vanquished.

Notes
Turn   | Place    | Note
--------------------------------------------------------------
     0 | D:1      | Johnny, the Human Hunter, began the quest for the Orb.
     0 | D:1      | Reached XP level 1. HP: 16/16 MP: 1/1
   169 | D:1      | Reached XP level 2. HP: 14/23 MP: 2/2
   713 | D:1      | Reached XP level 3. HP: 25/28 MP: 3/3
  1377 | D:2      | Reached XP level 4. HP: 34/34 MP: 4/4
  2245 | D:3      | HP: 1/35 [poisoned by a worker ant]
  2246 | D:3      | Succumbed to a worker ant's poison

Action                   |  1- 3 |  4- 6 || total
-------------------------+-------+-------++-------
 Fire: Hand crossbow     |    88 |    39 ||   127
  Use: Potion            |       |     3 ||     3
  Eat: Bread ration      |       |     1 ||     1
       Fruit             |       |     1 ||     1
